 Dungeon Crawl Stone Soup version 0.29.1-13-g9f3cf754e1 (webtiles) character file.

Game seed: 6168651803103735723

19644 bpung the Blocker (level 12, -6/80 HPs)
             Began as a Gargoyle Fighter on Jan 22, 2023.
             Was an Elder of Makhleb.
             Killed by divine providence
             ... invoked by a smoke demon
             ... summoned by a kobold demonologist
              (16 damage)
             ... on level 11 of the Dungeon.
             The game lasted 00:31:57 (18116 turns).

bpung the Blocker (Gargoyle Fighter)               Turns: 18116, Time: 00:31:58

Health: -6/80      AC: 36    Str: 24    XL:     12   Next: 71%
Magic:  18/18      EV:  7    Int: 16    God:    Makhleb [****..]
Gold:   826        SH:  6    Dex:  9    Spells: 11/11 levels left

rFire   . . .      SeeInvis .   a - +6 demon whip (elec)
rCold   . . .      Faith    .   c - +0 buckler
rNeg    + . .      Spirit   .   E - +4 plate armour
rPois   ∞          Reflect  .   (helmet restricted)
rElec   +          Harm     .   i - +0 cloak
rCorr   .          Rampage  .   r - +2 pair of gloves
Will    .....                   x - +2 pair of boots
Stlth   ..........              (no amulet)
HPRegen 0.23/turn               w - +6 ring of intelligence
MPRegen 0.16/turn               (no ring)

@: studying Shields
A: sickness immunity, AC +8, negative energy resistance 1, electricity
resistance, torment resistance 1, petrification resistance, hooves 1, horns 1
a: Renounce Religion, Minor Destruction, Lesser Servant of Makhleb, Major
Destruction


You were on level 11 of the Dungeon.
You worshipped Makhleb.
Makhleb was greatly pleased with you.
You visited 2 branches of the dungeon, and saw 13 of its levels.
You also visited: Bailey.

You collected 826 gold pieces.

Inventory:

Hand Weapons
 a - a +6 demon whip of electrocution (weapon)
 y - a +3 flail of flaming
Missiles
 f - 14 boomerangs (quivered)
 D - 3 boomerangs of dispersal
Armour
 c - a +0 buckler (worn)
 i - a +0 cloak (worn)
 r - a +2 pair of gloves (worn)
 s - a +2 helmet
 x - a +2 pair of boots (worn)
 E - a +4 plate armour (worn)
Jewellery
 h - a ring of magical power
 j - an amulet of magic regeneration
 k - a ring of fire
 m - an amulet of faith
 o - a ring of magical power
 v - a ring of fire
 w - a +6 ring of intelligence (left hand)
 A - an amulet of the acrobat
Wands
 g - a wand of iceblast (2)
 C - a wand of flame (14)
 H - a wand of charming (2)
 J - a wand of mindburst (8)
Scrolls
 b - a scroll of teleportation
 e - 12 scrolls of identify
 l - 5 scrolls of summoning
 n - 7 scrolls of fear
 q - 2 scrolls of butterflies
 u - a scroll of immolation
 F - a scroll of vulnerability
 I - a scroll of poison
Potions
 d - 5 potions of might
 p - 3 potions of magic
 t - 9 potions of curing
 z - 2 potions of cancellation
 B - 4 potions of brilliance
 G - a potion of flight


   Skills:
 + Level 11.0 Fighting
 + Level 9.9 Maces & Flails
 + Level 11.1 Armour
 + Level 11.5 Shields
 + Level 8.8 Invocations


You had 11 spell levels left.
You didn't know any spells.
Your spell library contained the following spells:

 Spells                   Type           Power      Damage    Failure   Level
 Magic Dart               Conj           0%         1d3       97%         1
 Sandblast                Erth           0%         2d4       97%         1
 Summon Small Mammal      Summ           0%         N/A       97%         1
 Call Imp                 Summ           0%         N/A       99%         2
 Passwall                 Tmut/Erth      0%         N/A       99%         2
 Call Canine Familiar     Summ           0%         N/A       100%        3
 Ignite Poison            Fire/Tmut/Pois 0%         N/A       100%        3
 Inner Flame              Hex/Fire       0%         N/A       100%        3
 Mephitic Cloud           Conj/Pois/Air  0%         N/A       100%        3
 Ozocubu's Armour         Ice            0%         N/A       100%        3
 Portal Projectile        Hex/Tloc       0%         N/A       100%        3
 Stone Arrow              Conj/Erth      0%         3d7       100%        3
 Summon Guardian Golem    Hex/Summ       0%         N/A       100%        3
 Animate Armour           Summ/Erth      0%         N/A       100%        4
 Cause Fear               Hex            0%         N/A       100%        4
 Leda's Liquefaction      Hex/Erth       0%         N/A       100%        4
 Passage of Golubria      Tloc           0%         N/A       100%        4
 Freezing Cloud           Conj/Ice/Air   0%         6-21      100%        5
 Silence                  Hex/Air        0%         N/A       100%        5
 Conjure Ball Lightning   Conj/Air       0%         3x3d6     100%        6
 Ozocubu's Refrigeration  Ice            0%         4d7       100%        7
 Discord                  Hex            0%         N/A       100%        8
 Disjunction              Tloc           0%         N/A       100%        8
 Lehudib's Crystal Spear  Conj/Erth      0%         10d2      100%        8


Dungeon Overview and Level Annotations

Branches:
Dungeon (11/15)            Temple (0/1) D:6            Lair (2/5) D:10
 Bailey (visited)
  Swamp: Lair:2-3    Shoals: Lair:2-3     Snake: Lair:2-3    Spider: Lair:2-3
    Orc: D:9-12

Altars:
Kikubaaqudgha
Makhleb
Ru
Zin

Shops:
D:5 (   D:6 :

Annotations:
D:3 3 runed translucent doors, THTSBRD's ghost, amateur DjGl; sigtrap's ghost, amateur HOFi
D:7 2 transporters, cheesebisquit's ghost, novice MiBe
Lair:2 exclusion: oklob plant


Innate Abilities, Weirdness & Mutations

You are immune to sickness and miasma.
Your stone body is resilient. (AC +8)
You are immune to poison.
You resist negative energy. (rN+)
You are resistant to electric shocks. (rElec)
You are resistant to unholy torment.
You are immune to petrification.
You have large cloven feet.
You have a pair of small horns on your head.


Message History

You assume a fearsome visage.
The two-headed ogre looks frightened!
The kobold demonologist looks frightened!
The ufetubus looks frightened!
The smoke demon looks frightened! x2
The iron imp looks frightened!
The quasit looks frightened!
You are covered in liquid flames!
Aiming: Iceblast
Press: ? - help, Shift-Dir - straight line, f - smoke demon
Aim: a smoke demon (summoned, fleeing)
The mass of ice explodes!
The iceblast engulfs the smoke demon!
The smoke demon is moderately wounded.
Your attack snaps the smoke demon out of its fear.
The iceblast engulfs the kobold demonologist.
The kobold demonologist is severely wounded.
Your attack snaps the kobold demonologist out of its fear.
The iceblast engulfs the quasit!
The quasit partially resists.
The quasit is heavily wounded.
Your attack snaps the quasit out of its fear.
You hear a shout!
Aiming: Iceblast
Press: ? - help, Shift-Dir - straight line, p - smoke demon The mass of ice explodes!
The iceblast engulfs the kobold demonologist!
The kobold demonologist is almost dead.
You hear a howl! x2
The kobold demonologist begins to cast a cantrip, but forgets the words!
You block the smoke demon's attack. The smoke demon barely misses you.
You block the smoke demon's attack. The smoke demon gestures at you.
The ball of steam hits you!
* * * LOW HITPOINT WARNING * * *
The two-headed ogre screams, "Help!"
Unknown command.
You are engulfed in a cloud of scalding steam.
The kobold demonologist weeps quietly.
The smoke demon gestures at you. Something smites you!
* * * LOW HITPOINT WARNING * * *
The smoke demon gestures at you. Something smites you!
You die...

#....####.############.....
#...........O............
#....####...^...........
............3.....^.#.#
##########........<§..#
#...........##
#.########3## #..#####...#
#....K.@.### #......###
#.....## .........
#.....#.. .........
......... .........


You could see a kobold demonologist (fleeing) and a smoke demon (summoned).

Vanquished Creatures
  The ghost of FatusPotatus the Basher, a journeyman HOFi of Beogh (D:10)
  Josephine (D:10)
  A hydra (Lair:2)
  2 two-headed ogres
  Amaemon (D:9)
  An orange demon (D:9)
  4 cane toads
  A rime drake (Lair:2)
  A komodo dragon (shapeshifter) (D:10)
  2 trolls
  Grinder (D:5)
  2 polar bears
  A hornet (D:10)
  4 blink frogs (Lair:2)
  4 spriggans (D:10)
  A shadow (D:10)
  A wyvern (D:8)
  26 yaks
  4 wraiths (D:10)
  A steam dragon (D:6)
  3 vampire mosquitoes (D:10)
  3 acid dragons (D:9)
  6 water moccasins
  3 ice beasts
  4 black bears
  8 orc warriors
  6 wolves
  6 centaurs
  2 ogres
  A kobold brigand (D:9)
  A phantom (D:5)
  12 bullfrogs
  A gnoll sergeant (D:5)
  2 necrophages (D:5)
  4 scorpions
  10 killer bees
  2 howler monkeys
  An electric eel (Lair:1)
  2 hounds
  Crazy Yiuf (D:4)
  5 orc priests
  3 gnoll boudas (D:8)
  3 jellies
  3 iguanas
  5 orc wizards
  4 adders
  18 gnolls
  A white imp (D:7)
  An ufetubus (D:3)
  2 worms
  2 dart slugs
  48 orcs
  11 ball pythons
  9 endoplasms
  2 giant cockroaches
  5 goblins
  8 hobgoblins
  14 jackals
  5 quokkas
  6 bats
  A frilled lizard (D:1)
  8 kobolds
  3 rats (D:2)
305 creatures vanquished.

Vanquished Creatures (others)
  An orc wizard (D:7)
  Ijyb (D:5)
  An orc (D:6)
  3 fungi
  10 plants
16 creatures vanquished.

Grand Total: 321 creatures vanquished

Notes
Turn   | Place    | Note
-------+----------+-------------------------------------------
     0 | D:1      | bpung the Gargoyle Fighter began the quest for the Orb.
     0 | D:1      | Reached XP level 1. HP: 14/14 MP: 1/1
   287 | D:1      | Reached XP level 2. HP: 17/19 MP: 2/2
  1058 | D:2      | Reached XP level 3. HP: 17/24 MP: 3/3
  1734 | D:2      | Reached XP level 4. HP: 22/29 MP: 4/4
  1973 | D:3      | Found a faded altar of an unknown god.
  2442 | D:3      | Found a runed translucent gate.
  2442 | D:3      | Found a runed translucent gate.
  2443 | D:3      | Found a runed translucent gate.
  2926 | D:3      | Noticed THTSBRD's ghost (amateur DjGl)
  2926 | D:3      | Noticed sigtrap's ghost (amateur HOFi)
  3000 | D:4      | Noticed a black bear
  3018 | D:4      | Killed a black bear
  3019 | D:4      | Reached XP level 5. HP: 24/34 MP: 5/5
  3210 | D:4      | Found a runed translucent door.
  3211 | D:4      | Noticed Crazy Yiuf
  3412 | D:4      | Reached XP level 6. HP: 39/39 MP: 6/6
  3744 | D:4      | Noticed a black bear
  3752 | D:4      | Killed a black bear
  3913 | D:4      | Killed Crazy Yiuf
  3944 | D:5      | Entered Level 5 of the Dungeon
  3971 | D:5      | Reached skill level 5 in Armour
  3972 | D:5      | Reached skill level 5 in Shields
  4005 | D:5      | Reached skill level 5 in Fighting
  4005 | D:5      | Reached XP level 7. HP: 24/44 MP: 7/7
  4813 | D:5      | You fall into a shaft and drop 3 floors!
  4875 | D:6      | Reached XP level 8. HP: 51/51 MP: 8/8
  4975 | D:6      | Found Xetragg's Book Emporium.
  4992 | D:6      | Reached skill level 5 in Maces & Flails
  5346 | D:5      | Noticed Ijyb
  5354 | D:5      | Killed Ijyb
  5508 | D:5      | Noticed Grinder
  5511 | D:5      | Paralysed by Grinder for 2 turns
  5539 | D:5      | Paralysed by Grinder for 2 turns
  5546 | D:5      | Killed Grinder
  5556 | D:5      | Found a burning altar of Makhleb.
  5691 | D:5      | Noticed a balrug
  5694 | D:5      | Noticed an orange demon
  5694 | D:5      | Noticed an orange demon
  5697 | D:5      | Became a worshipper of Makhleb the Destroyer
  6014 | D:5      | Found Areol's Antique Weapon Boutique.
  6050 | D:5      | Reached skill level 1 in Invocations
  6053 | D:5      | Reached XP level 9. HP: 38/56 MP: 8/10
  6776 | D:6      | Found a staircase to the Ecumenical Temple.
  8301 | D:7      | Found a transporter.
  8301 | D:7      | Noticed cheesebisquit's ghost (novice MiBe)
  8302 | D:7      | Found a transporter.
  8303 | D:7      | Identified the +11 great mace of the Howling One {protect,
                  | Int+3}
  8303 | D:7      | Noticed a two-headed ogre
  8946 | D:8      | Found a sacrificial altar of Ru.
  9133 | D:8      | Reached * piety under Makhleb
  9414 | D:8      | Reached XP level 10. HP: 58/64 MP: 13/13
 10425 | D:9      | Found a glowing silver altar of Zin.
 10557 | D:9      | Noticed a two-headed ogre
 10855 | D:8      | Reached skill level 5 in Invocations
 11612 | D:8      | Killed a two-headed ogre
 11998 | D:9      | Reached XP level 11. HP: 18/71 MP: 15/15
 12507 | D:9      | Noticed Amaemon
 12914 | D:9      | Killed Amaemon
 13095 | D:10     | Entered Level 10 of the Dungeon
 13383 | D:10     | Found a runed translucent door.
 13386 | D:10     | Noticed FatusPotatus's ghost (journeyman HOFi)
 13388 | D:10     | Identified the +9 spear "Usubb" {freeze, Dex+2}
 13395 | D:10     | Noticed a spriggan rider
 13402 | D:10     | Found a flagged portal.
 13465 | D:10     | Found an ancient bone altar of Kikubaaqudgha.
 13589 | D:10     | Reached ** piety under Makhleb
 13623 | Bailey   | Entered a bailey
 14351 | Bailey   | Acquired a +6 demon whip of electrocution
 14500 | D:10     | Found a staircase to the Lair.
 14504 | D:10     | Noticed Josephine
 14518 | D:10     | Killed Josephine
 14553 | D:10     | Reached skill level 10 in Armour
 14558 | D:10     | Reached skill level 10 in Shields
 14565 | D:10     | Gained mutation: You have a pair of small horns on your
                  | head. [potion of mutation]
 14565 | D:10     | Gained mutation: You have large cloven feet. [potion of
                  | mutation]
 14653 | D:10     | Noticed a two-headed ogre
 14659 | D:10     | Killed a two-headed ogre
 14660 | D:10     | Reached skill level 10 in Fighting
 15450 | D:10     | Reached XP level 12. HP: 77/77 MP: 17/17
 15505 | D:10     | Killed FatusPotatus's ghost
 15505 | D:10     | Reached *** piety under Makhleb
 15553 | Lair:1   | Entered Level 1 of the Lair of Beasts
 15837 | Lair:1   | Acquired a manual of Shields
 16681 | Lair:2   | Identified the +6 ring mail of Otol {rPois Will- Dex+5}
 16700 | Lair:2   | Noticed a six-headed hydra
 16712 | Lair:2   | Killed a six-headed hydra
 17401 | Lair:2   | Reached **** piety under Makhleb
 17819 | D:11     | Noticed a two-headed ogre
 18116 | D:11     | Killed from afar by a smoke demon

Illustrated notes

Levels and vault maps discovered:
D:1:      psy_arrival_conway, layout_basic, dk_noncrumbling_3
D:2:      layout_loops_ring, minmay_tetromino_s2
D:3:      layout_loops_ring, gammafunk_ghost_cemetery,
          nicolae_ecumenical_pavilion, grunt_ministairs_5, minmay_door_square,
          small_statue_intersection, corner_web_ring, bh_walls_and_bars
D:4:      layout_basic, st_stairs_6, uniq_crazy_yiuf_cottage
D:5:      layout_loops_corners, makhleb_altar_promises_db,
          lightli_ossuary_entry_decrepit_ruins, serial_shops,
          kennysheep_mini_moat, uniq_ijyb, uniq_grinder
D:6:      layout_cave_pods, temple_fountains, serial_shops, shop,
          nicolae_concentric_dashed_squares_mild, moated_statue
D:7:      lemuel_ice_spiral_2, layout_basic, gammafunk_ghost_smash,
          nicolae_benzene_ring, hangedman_abyss_or_decor_stabs
D:8:      layout_gridville, overflow_temple_1_default
D:9:      layout_irregular_city, mainiacjoe_overflow_small_starburst,
          minmay_misc_feat_rugged, kennysheep_path_1, uniq_amaemon
D:10:     wander_river, layout_grid_maze, nicolae_kikubaaqudgha_miasma_corner,
          lair_entry_dummy, ebering_ghost_funeral_grove, enter_bailey_8,
          uniq_josephine
D:11:     layout_rooms, orc_0_dummy, uniq_nergalle, uniq_erica
Lair:1:   layout_long_grid, serial_bayou_shore_a
Lair:2:   dpeg_oklob_gauntlet, layout_hall_layers,
          chequers_serial_rivers_micro_c, grunt_megastairs_2, lemuel_fruit_tree

Skill      XL: |  1  2  3  4  5  6  7  8  9 10 11 12 |
---------------+-------------------------------------+-----
Armour         | 4 5 6 7 9 10 11 | 11.1
Shields        | 4 5 6 7 9 10 11 | 11.5
Fighting       | 4 5 6 7 9 10 11 | 11.0
Maces & Flails | 3 4 5 6 7 9 |  9.9
Invocations    | 1 4 6 7 8 |  8.8

Action                   |  1- 3 |  4- 6 |  7- 9 | 10-12 || total
-------------------------+-------+-------+-------+-------++-------
Melee: Flail             |   123 |   165 |   365 |   374 ||  1027
       Demon whip        |       |       |       |   278 ||   278
       Headbutt          |       |       |       |    45 ||    45
Invok: Minor Destruction |       |       |       |     1 ||     1
Evoke: Wand              |       |       |       |     7 ||     7
  Use: Scroll            |     3 |       |     6 |    15 ||    24
       Potion            |     2 |     1 |     4 |    11 ||    18
 Stab: Distracted        |       |       |       |     1 ||     1
Armor: Scale mail        |    63 |   142 |   195 |       ||   400
       Chain mail        |       |       |    67 |   435 ||   502
       Plate armour      |       |       |       |   179 ||   179
Dodge: Dodged            |    61 |   103 |   163 |   313 ||   640
Block: Buckler           |    44 |    43 |   102 |   247 ||   436
